Oilers vs Lightning

Created - 12 janvier 2021 at 08:09

Goals
1 2 3 T
Oilers 1 1 0 2
Lightning 1 2 0 3
Shots
1 2 3 T
Oilers 9 15 11 35
Lightning 14 11 9 34

1st period

1. Oilers , Sonny Milano 10 (Brandon Montour 8, Nico Hischier 15) at 9:31 (PP)
2. Lightning , Jon Marchessault 8 (Johnny Boychuk 4, Tyler Seguin 16) at 19:38

Penalties :
Nicolas Deslauriers (TAM) for Tripping (Minor) at 3:35, Cedric Paquette (TAM) for Slashing (Minor) at 9:18, Brendan Smith (EDM) for Boarding (Minor) at 14:31

2nd period

3. Lightning , Ryan Nugent-Hopkins 11 (Jakob Silfverberg 8, Jon Marchessault 10) at 2:33 (PP)
4. Oilers , Connor McDavid 8 (Christian Djoos 2) at 3:47 (PP)
5. Lightning , Jon Marchessault 9 (Ryan Nugent-Hopkins 14) at 11:52

Penalties :
Kyle Okposo (EDM) for Hooking (Minor) at 2:26, Ryan Nugent-Hopkins (TAM) for Hooking (Minor) at 2:58, Dennis Gilbert (EDM) for Holding (Minor) at 13:15

3rd period

No Goal

Penalties :
No Penalty

Goalie Stats

Thomas Greiss (EDM), 31 saves from 34 shots - (0,912), L, 5-7-0, 59:14 minutes
Braden Holtby (TAM), 33 saves from 35 shots - (0,943), W, 7-6-0, 60:00 minutes

Players Stats for Oilers

Player Name              G  A  P  +/- PIM S  H  SB GA TA FO     MP     PP MP  PK MP  
------------------------------------------------------------------------------------
Adam Erne                0  0  0   0  0   3  2  0  0  0  0/0    12:45   0:00   1:58 
Bobby Ryan               0  0  0  -2  0   4  0  0  0  0  0/1    16:14   1:31   0:05 
Brandon Montour          0  1  1  -2  0   3  0  0  2  2  0/0    22:07   1:27   2:01 
Brendan Smith            0  0  0  -2  2   1  1  1  0  0  0/0    18:34   0:00   0:40 
Brenden Dillon           0  0  0   0  0   1  4  3  0  0  0/0    21:13   1:34   2:04 
Christian Djoos          0  1  1   0  0   0  0  1  0  0  0/0    20:16   1:34   2:03 
Connor McDavid           1  0  1   0  0   1  1  1  2  0  8/17   18:20   1:30   0:00 
Dennis Gilbert           0  0  0   0  2   2  1  0  0  1  0/0    18:05   0:00   1:22 
Evgeni Dadonov           0  0  0   0  0   5  1  0  1  1  1/1    18:08   1:19   0:00 
Jordan Nolan             0  0  0   0  0   0  2  0  0  0  0/1    10:51   0:11   0:00 
Kevin Shattenkirk        0  0  0   0  0   3  1  0  0  1  0/0    19:48   1:27   0:00 
Kyle Okposo              0  0  0   0  2   0  1  2  0  1  0/1    18:07   1:19   0:00 
Nathan Gerbe             0  0  0   0  0   1  2  0  1  0  0/0    10:39   0:00   0:00 
Nico Hischier            0  1  1  -2  0   2  2  0  0  0  10/22  16:05   1:31   0:00 
Sam Gagner               0  0  0   0  0   1  1  0  0  1  2/8    12:45   0:00   1:58 
Sonny Milano             1  0  1  -2  0   2  4  0  1  2  0/4    16:14   1:31   0:05 
Tomas Nosek              0  0  0   0  0   3  2  0  0  0  3/8    12:41   0:00   2:02 
Tyler Motte              0  0  0   0  0   3  2  2  1  0  0/1    13:00   0:11   2:02 

Players Stats for Lightning

Player Name              G  A  P  +/- PIM S  H  SB GA TA FO     MP     PP MP  PK MP  
------------------------------------------------------------------------------------
Andrej Sekera            0  0  0   1  0   0  0  0  0  1  0/0    20:11   1:42   0:49 
Andrew Cogliano          0  0  0   0  0   5  1  0  0  0  0/0    11:18   0:34   0:25 
Cedric Paquette          0  0  0   0  2   3  1  0  0  0  7/11   16:22   0:52   1:48 
Chris Wagner             0  0  0   0  0   0  0  0  0  0  0/0     8:39   0:00   0:46 
Colin Miller             0  0  0   0  0   0  0  0  0  0  0/0    13:40   0:00   0:00 
Jakob Silfverberg        0  1  1   0  0   4  0  1  1  0  0/0    17:17   1:54   0:00 
Johnny Boychuk           0  1  1   1  0   0  1  2  0  1  0/0    18:21   0:00   0:49 
Jon Marchessault         2  1  3   2  0   4  0  0  0  0  0/1    21:06   1:54   0:00 
Mikko Koivu              0  0  0   0  0   0  1  2  0  0  8/13   20:19   1:19   0:46 
Nick Foligno             0  0  0   0  0   5  1  0  1  0  0/1    17:02   1:59   0:00 
Nicolas Deslauriers      0  0  0   0  2   0  2  0  1  0  0/0     9:52   2:23   0:00 
Radko Gudas              0  0  0   1  0   0  5  1  0  2  0/0    25:38   1:42   2:12 
Riley Stillman           0  0  0   0  0   3  0  3  0  0  0/0    16:31   0:00   2:12 
Ryan Dzingel             0  0  0   0  0   1  0  0  2  0  0/2    13:08   0:00   1:16 
Ryan Nugent-Hopkins      1  1  2   2  2   7  1  0  2  0  21/32  21:22   1:54   0:00 
T.J. Brodie              0  0  0   1  0   0  0  1  1  3  0/0    22:55   2:23   0:00 
Teddy Blueger            0  0  0   0  0   0  1  0  0  0  1/1     2:32   0:00   1:01 
Tyler Seguin             0  1  1   2  0   2  1  0  1  1  3/3    20:43   1:49   0:00 

3 Stars

1 - Jon Marchessault (TAM)
2 - Ryan Nugent-Hopkins (TAM)
3 - Braden Holtby (TAM)

Power Play

Oilers - 2 on 3 Attempt(s) - 66,67%
Lightning - 1 on 3 Attempt(s) - 33,33%

Penalty Kill

Oilers - 2 on 3 Attempt(s) - 66,67% - Score 0 goal in Penalty Kill
Lightning - 1 on 3 Attempt(s) - 33,33% - Score 0 goal in Penalty Kill

Team Stat

Oilers - Hits : 27 - Faceoff Wins : 24 - Blocked Shots : 10 - Penalty Minutes : 6
Lightning - Hits : 15 - Faceoff Wins : 40 - Blocked Shots : 10 - Penalty Minutes : 6

Official

Referees : Wes McCauley and Dean Morton
Linesman : Brandon Gawryletz and Matt Brady

Game Notes

Teddy Blueger is injured at 9:20 of 1st period (Strained Right Elbow)

Finance

Level 1 -- Attendance: 6000 (100,00%) -- Ticket Income 510 000 $
Level 2 -- Attendance: 3345 (66,90%) -- Ticket Income 250 875 $
Level 3 -- Attendance: 1038 (51,90%) -- Ticket Income 57 090 $
Level 4 -- Attendance: 1660 (41,50%) -- Ticket Income 66 400 $
Luxury Box -- Attendance: 1000 (100,00%) -- Ticket Income 150 000 $
Game was played at the Tampa Baseball Stadium.
Total Attendance: 13043 (72,46%)
Total Ticket Income: 1 034 365 $
Other Income: 506 839 $
Total Income: 1 541 204 $

Oilers

5 vs 5 Forward 
   Center                   Left Wing                Right Wing               Time % Phy DF OF 
 1 Connor McDavid           Evgeni Dadonov           Kyle Okposo              30     1   2  2  
 2 Nico Hischier            Sonny Milano             Bobby Ryan               30     1   2  2  
 3 Sam Gagner               Tyler Motte              Adam Erne                20     1   2  2  
 4 Tomas Nosek              Nathan Gerbe             Jordan Nolan             20     1   2  2  

5 vs 5 Defense 
   Defense                  Defense                                           Time % Phy DF OF 
 1 Kevin Shattenkirk        Brenden Dillon                                    35     1   2  2  
 2 Brandon Montour          Brendan Smith                                     35     1   2  2  
 3 Dennis Gilbert           Christian Djoos                                   30     1   2  2  
 4 Brenden Dillon           Kevin Shattenkirk                                 0      1   2  2  

PowerPlay Forward 
   Center                   Left Wing                Right Wing               Time % Phy DF OF 
 1 Connor McDavid           Evgeni Dadonov           Kyle Okposo              50     1   2  2  
 2 Nico Hischier            Bobby Ryan               Sonny Milano             50     1   2  2  

PowerPlay Defense
   Defense                  Defense                                           Time % Phy DF OF 
 1 Kevin Shattenkirk        Brandon Montour                                   50     1   2  2  
 2 Brenden Dillon           Christian Djoos                                   50     1   2  2  

Penalty Kill 4 Players Forward 
   Center                   Wing                     Time % Phy DF OF 
 1 Tomas Nosek              Tyler Motte              50     1   2  2  
 2 Sam Gagner               Adam Erne                50     1   2  2  

Penalty Kill 4 Players Defense
   Defense                  Defense                  Time % Phy DF OF 
 1 Brenden Dillon           Brendan Smith            50     1   2  2  
 2 Dennis Gilbert           Brandon Montour          50     1   2  2  

Penalty Kill - 3 Players Forward 
   Forward                                           Time % Phy DF OF 
 1 Tomas Nosek                                       50     1   2  2  
 2 Nico Hischier                                     50     1   2  2  

Penalty Kill - 3 Players Defense
   Defense                  Defense                  Time % Phy DF OF 
 1 Brenden Dillon           Brendan Smith            50     1   2  2  
 2 Dennis Gilbert           Brandon Montour          50     1   2  2  

4 vs 4 Forward 
   Center                   Wing                     Time % Phy DF OF 
 1 Connor McDavid           Evgeni Dadonov           50     1   2  2  
 2 Nico Hischier            Kyle Okposo              50     1   2  2  

4 vs 4 Defense
   Defense                  Defense                  Time % Phy DF OF 
 1 Kevin Shattenkirk        Brenden Dillon           50     1   2  2  
 2 Brendan Smith            Brandon Montour          50     1   2  2  

Last Minutes Offensive
   Center                   Left Wing                Right Wing               Defense                  Defense                  
   Connor McDavid           Evgeni Dadonov           Kyle Okposo              Kevin Shattenkirk        Brandon Montour          

Last Minutes Defensive
   Center                   Left Wing                Right Wing               Defense                  Defense                  
   Connor McDavid           Evgeni Dadonov           Kyle Okposo              Kevin Shattenkirk        Brandon Montour          

Goaltenders
Starting : Thomas Greiss            
Backup : Ryan Miller              

Extra Forwards
Normal : Jordan Nolan, Tyler Motte, Sonny Milano - PP : Jordan Nolan, Tyler Motte - PK : Sonny Milano
Extra Defensemen
Normal : Brandon Montour, Kevin Shattenkirk, Brenden Dillon - PP : Kevin Shattenkirk - PK : Dennis Gilbert, Christian Djoos
Penalty Shots
Connor McDavid, Nico Hischier, Evgeni Dadonov, Kyle Okposo, Bobby Ryan
Custom OT Lines Forwards
Connor McDavid, Nico Hischier, Evgeni Dadonov, Kyle Okposo, Bobby Ryan, Tyler Motte, Sam Gagner, Sonny Milano, Tomas Nosek, Nathan Gerbe
Custom OT Lines Defensemen
Kevin Shattenkirk, Brandon Montour, Dennis Gilbert, Christian Djoos, Brenden Dillon

Scratches
Jordan Oesterle (Broken Bone (Right Leg) Injury), Ben Street (Healthy), Kaapo Kahkonen (Healthy)

Lightning

5 vs 5 Forward 
   Center                   Left Wing                Right Wing               Time % Phy DF OF 
 1 Ryan Nugent-Hopkins      Jon Marchessault         Tyler Seguin             40     0   1  4  
 2 Mikko Koivu              Jakob Silfverberg        Nick Foligno             30     0   2  3  
 3 Cedric Paquette          Andrew Cogliano          Ryan Dzingel             20     0   2  3  
 4 Teddy Blueger            Nicolas Deslauriers      Chris Wagner             10     0   3  2  

5 vs 5 Defense 
   Defense                  Defense                                           Time % Phy DF OF 
 1 T.J. Brodie              Radko Gudas                                       42     0   1  4  
 2 Johnny Boychuk           Andrej Sekera                                     33     0   2  3  
 3 Riley Stillman           Colin Miller                                      25     0   3  2  
 4 Johnny Boychuk           Colin Miller                                      0      0   3  2  

PowerPlay Forward 
   Center                   Left Wing                Right Wing               Time % Phy DF OF 
 1 Ryan Nugent-Hopkins      Jon Marchessault         Jakob Silfverberg        60     0   0  5  
 2 Tyler Seguin             Teddy Blueger            Nick Foligno             40     0   1  4  

PowerPlay Defense
   Defense                  Defense                                           Time % Phy DF OF 
 1 Nicolas Deslauriers      T.J. Brodie                                       60     0   1  4  
 2 Radko Gudas              Andrej Sekera                                     40     0   2  3  

Penalty Kill 4 Players Forward 
   Center                   Wing                     Time % Phy DF OF 
 1 Cedric Paquette          Teddy Blueger            60     0   3  2  
 2 Mikko Koivu              Chris Wagner             40     0   3  2  

Penalty Kill 4 Players Defense
   Defense                  Defense                  Time % Phy DF OF 
 1 Riley Stillman           Radko Gudas              60     0   3  2  
 2 Johnny Boychuk           Andrej Sekera            40     0   3  2  

Penalty Kill - 3 Players Forward 
   Forward                                           Time % Phy DF OF 
 1 Cedric Paquette                                   60     0   4  1  
 2 Teddy Blueger                                     40     0   4  1  

Penalty Kill - 3 Players Defense
   Defense                  Defense                  Time % Phy DF OF 
 1 Riley Stillman           Radko Gudas              60     0   5  0  
 2 Johnny Boychuk           Andrej Sekera            40     0   5  0  

4 vs 4 Forward 
   Center                   Wing                     Time % Phy DF OF 
 1 Ryan Nugent-Hopkins      Jon Marchessault         60     0   2  3  
 2 Tyler Seguin             Nick Foligno             40     1   2  2  

4 vs 4 Defense
   Defense                  Defense                  Time % Phy DF OF 
 1 T.J. Brodie              Nicolas Deslauriers      60     0   2  3  
 2 Radko Gudas              Andrej Sekera            40     0   2  3  

Last Minutes Offensive
   Center                   Left Wing                Right Wing               Defense                  Defense                  
   Ryan Nugent-Hopkins      Jon Marchessault         Jakob Silfverberg        Nicolas Deslauriers      T.J. Brodie              

Last Minutes Defensive
   Center                   Left Wing                Right Wing               Defense                  Defense                  
   Mikko Koivu              Cedric Paquette          Teddy Blueger            Riley Stillman           Radko Gudas              

Goaltenders
Starting : Braden Holtby            
Backup : Matt Murray              

Extra Forwards
Normal : Mikko Koivu, Cedric Paquette, Ryan Dzingel - PP : Mikko Koivu, Cedric Paquette - PK : Ryan Dzingel
Extra Defensemen
Normal : Riley Stillman, Colin Miller, Nicolas Deslauriers - PP : Riley Stillman - PK : Colin Miller, Nicolas Deslauriers
Penalty Shots
Jakob Silfverberg, Tyler Seguin, Mikko Koivu, Jon Marchessault, Teddy Blueger
Custom OT Lines Forwards
Ryan Nugent-Hopkins, Tyler Seguin, Jakob Silfverberg, Nick Foligno, Jon Marchessault, Mikko Koivu, Cedric Paquette, Andrew Cogliano, Ryan Dzingel, Teddy Blueger
Custom OT Lines Defensemen
T.J. Brodie, Radko Gudas, Johnny Boychuk, Andrej Sekera, Riley Stillman

Scratches
Brett Howden (Healthy), Michael Stone (Healthy), Andrew Hammond (Healthy)

% Time on Ice - Oilers

Lines # - Real PCT - Wanted PCT - Time Play
Normal Forward
1 - 30% - 30% - 15:41
2 - 28% - 30% - 14:35
3 - 21% - 20% - 10:46
4 - 21% - 20% - 10:39
Normal Defense
1 - 36% - 35% - 18:26
2 - 35% - 35% - 17:50
3 - 30% - 30% - 15:25
4 - 0% - 0% - 0:00
PP Forward
1 - 50% - 50% - 1:30
2 - 50% - 50% - 1:31
PP Defense
1 - 48% - 50% - 1:27
2 - 52% - 50% - 1:34
PK Forward
1 - 52% - 50% - 2:07
2 - 48% - 50% - 1:58
PK Defense
1 - 51% - 50% - 2:04
2 - 49% - 50% - 2:01
PK3 Forward
1 - 0% - 50%
2 - 0% - 50%
PK3 Defense
1 - 0% - 50%
2 - 0% - 50%
44 Forward
1 - 0% - 50%
2 - 0% - 50%
44 Defense
1 - 0% - 50%
2 - 0% - 50%
Last Minute Offensive  - 1:13
Last Minute Defensive  - 0:00
Total
Forward - 60:00
Defense - 60:00

% Time on Ice - Lightning

Lines # - Real PCT - Wanted PCT - Time Play
Normal Forward
1 - 37% - 40% - 19:01
2 - 29% - 30% - 15:03
3 - 18% - 20% - 9:24
4 - 16% - 10% - 8:12
Normal Defense
1 - 40% - 42% - 20:26
2 - 34% - 33% - 17:40
3 - 24% - 25% - 12:36
4 - 2% - 0% - 0:58
PP Forward
1 - 47% - 60% - 1:54
2 - 53% - 40% - 2:11
PP Defense
1 - 58% - 60% - 2:23
2 - 42% - 40% - 1:42
PK Forward
1 - 75% - 60% - 2:15
2 - 25% - 40% - 0:46
PK Defense
1 - 73% - 60% - 2:12
2 - 27% - 40% - 0:49
PK3 Forward
1 - 0% - 60%
2 - 0% - 40%
PK3 Defense
1 - 0% - 60%
2 - 0% - 40%
44 Forward
1 - 0% - 60%
2 - 0% - 40%
44 Defense
1 - 0% - 60%
2 - 0% - 40%
Last Minute Offensive  - 0:00
Last Minute Defensive  - 1:14
Total
Forward - 60:00
Defense - 60:00

Play-by-Play

1st period


0:01 of 1st period - Tyler Seguin wins face-off versus Connor McDavid in neutral zone.
0:25 of 1st period - Kevin Shattenkirk is hit by Radko Gudas and loses puck.
1:11 of 1st period - Teddy Blueger is hit by Tomas Nosek.
1:19 of 1st period - Jordan Nolan is hit by Teddy Blueger and loses puck.
2:20 of 1st period - Snap shot by Sam Gagner.
2:20 of 1st period - Stopped by Braden Holtby without a rebound.
2:21 of 1st period - Ryan Nugent-Hopkins wins face-off versus Tyler Motte in Lightning zone.
2:48 of 1st period - Jakob Silfverberg is hit by Brenden Dillon and loses puck.
2:56 of 1st period - Slapshot by Colin Miller.
2:56 of 1st period - Shot Misses the Net.
2:58 of 1st period - Slapshot by Nick Foligno.
2:58 of 1st period - Shot Misses the Net.
3:35 of 1st period - Minor Penalty to Nicolas Deslauriers for Tripping.
3:36 of 1st period - Nico Hischier wins face-off versus Cedric Paquette in Lightning zone.
3:36 of 1st period - Wrist shot by Bobby Ryan.
3:36 of 1st period - Deflect By Nico Hischier.
3:36 of 1st period - Shot Misses the Net.
3:36 of 1st period - Puck is out of play.
3:37 of 1st period - Cedric Paquette wins face-off versus Nico Hischier in Lightning zone.
3:50 of 1st period - Teddy Blueger is hit by Brenden Dillon and loses puck.
4:07 of 1st period - Riley Stillman is hit by Kyle Okposo and loses puck.
5:35 of 1st period - Penalty to Nicolas Deslauriers is over, Nicolas Deslauriers is back on ice.
5:42 of 1st period - Johnny Boychuk is hit by Jordan Nolan and loses puck.
5:53 of 1st period - Dennis Gilbert is hit by Johnny Boychuk and loses puck.
6:18 of 1st period - Icing by Christian Djoos.
6:19 of 1st period - Cedric Paquette wins face-off versus Sam Gagner in Oilers zone.
6:31 of 1st period - Snap shot by Ryan Nugent-Hopkins.
6:31 of 1st period - Stopped by Thomas Greiss with a rebound.
6:33 of 1st period - Slapshot by Riley Stillman.
6:33 of 1st period - Stopped by Thomas Greiss with a rebound.
6:51 of 1st period - Slapshot by Tyler Motte.
6:51 of 1st period - Deflect By Teddy Blueger.
6:51 of 1st period - Stopped by Braden Holtby with a rebound.
6:53 of 1st period - Slapshot by Dennis Gilbert.
6:53 of 1st period - Stopped by Braden Holtby without a rebound.
6:54 of 1st period - Nico Hischier wins face-off versus Ryan Nugent-Hopkins in Lightning zone.
8:21 of 1st period - Off-side.
8:22 of 1st period - Sam Gagner wins face-off versus Ryan Nugent-Hopkins in neutral zone.
8:33 of 1st period - Wrist shot by Jon Marchessault.
8:33 of 1st period - Stopped by Thomas Greiss with a rebound.
8:59 of 1st period - Wrist shot by Tyler Seguin.
8:59 of 1st period - Shot Blocked by Tyler Motte.
9:01 of 1st period - Slapshot by Andrej Sekera.
9:01 of 1st period - Deflect By Tyler Seguin.
9:01 of 1st period - Shot Blocked by Tyler Motte.
9:01 of 1st period - Puck is out of play.
9:02 of 1st period - Mikko Koivu wins face-off versus Nico Hischier in Oilers zone.
9:05 of 1st period - Snap shot by Jakob Silfverberg.
9:05 of 1st period - Stopped by Thomas Greiss with a rebound.
9:15 of 1st period - Wrist shot by Bobby Ryan.
9:15 of 1st period - Stopped by Braden Holtby without a rebound.
9:16 of 1st period - Cedric Paquette wins face-off versus Nico Hischier in Lightning zone.
9:18 of 1st period - Minor Penalty to Cedric Paquette for Slashing.
9:19 of 1st period - Teddy Blueger wins face-off versus Bobby Ryan in Lightning zone.
9:19 of 1st period - Teddy Blueger is hit by Sonny Milano.
9:20 of 1st period - Teddy Blueger from Lightning is injured at 9:20 of 1st period (Strained Right Elbow).
9:21 of 1st period - Nico Hischier wins face-off versus Ryan Dzingel in Lightning zone.
9:21 of 1st period - Backhand shot by Sonny Milano.
9:21 of 1st period - Stopped by Braden Holtby with a rebound.
9:25 of 1st period - Slapshot by Nico Hischier.
9:25 of 1st period - Stopped by Braden Holtby with a rebound.
9:27 of 1st period - Slapshot by Brandon Montour.
9:27 of 1st period - Shot Blocked by Riley Stillman.
9:29 of 1st period - Snap shot by Sonny Milano.
9:29 of 1st period - Shot Blocked by Riley Stillman.
9:31 of 1st period - Wrist shot by Sonny Milano.
9:31 of 1st period - Goal by Sonny Milano - Oilers : 1 - Lightning : 0.
9:32 of 1st period - Mikko Koivu wins face-off versus Sonny Milano in neutral zone.
10:36 of 1st period - Wrist shot by Evgeni Dadonov.
10:36 of 1st period - Stopped by Braden Holtby with a rebound.
10:56 of 1st period - Backhand shot by Jakob Silfverberg.
10:56 of 1st period - Stopped by Thomas Greiss without a rebound.
10:57 of 1st period - Mikko Koivu wins face-off versus Sonny Milano in Oilers zone.
11:00 of 1st period - Snap shot by Nick Foligno.
11:00 of 1st period - Deflect By Jakob Silfverberg.
11:00 of 1st period - Stopped by Thomas Greiss without a rebound.
11:01 of 1st period - Ryan Nugent-Hopkins wins face-off versus Nico Hischier in Oilers zone.
11:34 of 1st period - Backhand shot by Sonny Milano.
11:34 of 1st period - Shot Blocked by Johnny Boychuk.
11:36 of 1st period - Slapshot by Brenden Dillon.
11:36 of 1st period - Shot Misses the Net.
11:38 of 1st period - Slapshot by Brenden Dillon.
11:38 of 1st period - Stopped by Braden Holtby without a rebound.
11:39 of 1st period - Mikko Koivu wins face-off versus Jordan Nolan in Lightning zone.
11:44 of 1st period - Nathan Gerbe is hit by Radko Gudas and loses puck.
12:57 of 1st period - Wrist shot by Nick Foligno.
12:57 of 1st period - Stopped by Thomas Greiss with a rebound.
12:59 of 1st period - Snap shot by Nick Foligno.
12:59 of 1st period - Shot Misses the Net.
13:01 of 1st period - Snap shot by Jakob Silfverberg.
13:01 of 1st period - Deflect By Nick Foligno.
13:01 of 1st period - Stopped by Thomas Greiss without a rebound.
13:02 of 1st period - Ryan Nugent-Hopkins wins face-off versus Tomas Nosek in Oilers zone.
13:27 of 1st period - Brenden Dillon is hit by Mikko Koivu and loses puck.
13:50 of 1st period - Wrist shot by Andrew Cogliano.
13:50 of 1st period - Stopped by Thomas Greiss with a rebound.
13:52 of 1st period - Slapshot by Andrew Cogliano.
13:52 of 1st period - Stopped by Thomas Greiss with a rebound.
13:54 of 1st period - Wrist shot by Andrew Cogliano.
13:54 of 1st period - Shot Misses the Net.
13:56 of 1st period - Snap shot by Ryan Dzingel.
13:56 of 1st period - Shot Blocked by Kyle Okposo.
14:23 of 1st period - Icing by Chris Wagner.
14:24 of 1st period - Ryan Nugent-Hopkins wins face-off versus Tomas Nosek in Lightning zone.
14:24 of 1st period - Ryan Nugent-Hopkins is hit by Brendan Smith.
14:31 of 1st period - Minor Penalty to Brendan Smith for Boarding.
14:32 of 1st period - Tomas Nosek wins face-off versus Ryan Nugent-Hopkins in Oilers zone.
16:31 of 1st period - Penalty to Brendan Smith is over, Brendan Smith is back on ice.
16:38 of 1st period - Brendan Smith is hit by Andrew Cogliano and loses puck.
17:01 of 1st period - Slapshot by Evgeni Dadonov.
17:01 of 1st period - Shot Misses the Net.
17:07 of 1st period - Kyle Okposo is hit by Cedric Paquette and loses puck.
17:18 of 1st period - Slapshot by Ryan Dzingel.
17:18 of 1st period - Shot Misses the Net.
17:20 of 1st period - Slapshot by Radko Gudas.
17:20 of 1st period - Shot Misses the Net.
17:22 of 1st period - Slapshot by Ryan Dzingel.
17:22 of 1st period - Stopped by Thomas Greiss with a rebound.
17:36 of 1st period - Snap shot by Andrew Cogliano.
17:36 of 1st period - Stopped by Thomas Greiss without a rebound.
17:37 of 1st period - Nico Hischier wins face-off versus Jon Marchessault in Oilers zone.
17:44 of 1st period - Riley Stillman is hit by Nico Hischier and loses puck.
18:06 of 1st period - Slapshot by Mikko Koivu.
18:06 of 1st period - Shot Blocked by Christian Djoos.
19:15 of 1st period - Wrist shot by Andrew Cogliano.
19:15 of 1st period - Deflect By Ryan Nugent-Hopkins.
19:15 of 1st period - Stopped by Thomas Greiss without a rebound.
19:16 of 1st period - Sam Gagner wins face-off versus Ryan Nugent-Hopkins in Oilers zone.
19:20 of 1st period - Off-side.
19:21 of 1st period - Ryan Nugent-Hopkins wins face-off versus Sonny Milano in neutral zone.
19:34 of 1st period - Wrist shot by Jon Marchessault.
19:34 of 1st period - Shot Misses the Net.
19:36 of 1st period - Slapshot by Johnny Boychuk.
19:36 of 1st period - Shot Misses the Net.
19:38 of 1st period - Snap shot by Jon Marchessault.
19:38 of 1st period - Goal by Jon Marchessault - Oilers : 1 - Lightning : 1.
19:39 of 1st period - Nico Hischier wins face-off versus Ryan Nugent-Hopkins in neutral zone.
19:48 of 1st period - Snap shot by Ryan Nugent-Hopkins.
19:48 of 1st period - Shot Misses the Net.
Goals for this period are 1 for Oilers vs 1 for Lightning.
Shots for this period are 9 for Oilers vs 14 for Lightning.

2nd period


0:01 of 2nd period - Connor McDavid wins face-off versus Mikko Koivu in neutral zone.
0:30 of 2nd period - Off-side.
0:31 of 2nd period - Ryan Nugent-Hopkins wins face-off versus Nico Hischier in neutral zone.
0:38 of 2nd period - Jon Marchessault is hit by Sonny Milano and loses puck.
0:54 of 2nd period - Off-side.
0:55 of 2nd period - Mikko Koivu wins face-off versus Tomas Nosek in neutral zone.
1:06 of 2nd period - Snap shot by Nick Foligno.
1:06 of 2nd period - Stopped by Thomas Greiss with a rebound.
1:45 of 2nd period - Slapshot by Sam Gagner.
1:45 of 2nd period - Deflect By Adam Erne.
1:45 of 2nd period - Stopped by Braden Holtby without a rebound.
1:46 of 2nd period - Ryan Nugent-Hopkins wins face-off versus Sam Gagner in Lightning zone.
2:11 of 2nd period - Backhand shot by Ryan Nugent-Hopkins.
2:11 of 2nd period - Stopped by Thomas Greiss without a rebound.
2:12 of 2nd period - Mikko Koivu wins face-off versus Connor McDavid in Oilers zone.
2:26 of 2nd period - Minor Penalty to Kyle Okposo for Hooking.
2:27 of 2nd period - Ryan Nugent-Hopkins wins face-off versus Sam Gagner in Oilers zone.
2:33 of 2nd period - Wrist shot by Ryan Nugent-Hopkins.
2:33 of 2nd period - Goal by Ryan Nugent-Hopkins - Oilers : 1 - Lightning : 2.
2:34 of 2nd period - Nico Hischier wins face-off versus Nick Foligno in neutral zone.
2:37 of 2nd period - Slapshot by Sonny Milano.
2:37 of 2nd period - Shot Blocked by Mikko Koivu.
2:44 of 2nd period - Slapshot by T.J. Brodie.
2:44 of 2nd period - Shot Misses the Net.
2:46 of 2nd period - Wrist shot by Nick Foligno.
2:46 of 2nd period - Stopped by Thomas Greiss without a rebound.
2:47 of 2nd period - Connor McDavid wins face-off versus Ryan Nugent-Hopkins in Oilers zone.
2:47 of 2nd period - Connor McDavid is hit by Ryan Nugent-Hopkins.
2:58 of 2nd period - Minor Penalty to Ryan Nugent-Hopkins for Hooking.
2:59 of 2nd period - Connor McDavid wins face-off versus Cedric Paquette in Lightning zone.
3:13 of 2nd period - Snap shot by Evgeni Dadonov.
3:13 of 2nd period - Shot Blocked by Radko Gudas.
3:15 of 2nd period - Snap shot by Kevin Shattenkirk.
3:15 of 2nd period - Stopped by Braden Holtby without a rebound.
3:16 of 2nd period - Cedric Paquette wins face-off versus Nico Hischier in Lightning zone.
3:16 of 2nd period - Cedric Paquette is hit by Brenden Dillon.
3:42 of 2nd period - Radko Gudas is hit by Connor McDavid and loses puck.
3:47 of 2nd period - Snap shot by Connor McDavid.
3:47 of 2nd period - Goal by Connor McDavid - Oilers : 2 - Lightning : 2.
3:48 of 2nd period - Ryan Nugent-Hopkins wins face-off versus Nico Hischier in neutral zone.
4:11 of 2nd period - Radko Gudas is hit by Sonny Milano.
4:31 of 2nd period - Slapshot by Brandon Montour.
4:31 of 2nd period - Shot Misses the Net.
4:33 of 2nd period - Wrist shot by Tomas Nosek.
4:33 of 2nd period - Stopped by Braden Holtby with a rebound.
4:59 of 2nd period - Icing by Sam Gagner.
5:00 of 2nd period - Ryan Nugent-Hopkins wins face-off versus Sam Gagner in Oilers zone.
5:05 of 2nd period - Wrist shot by Tyler Seguin.
5:05 of 2nd period - Stopped by Thomas Greiss without a rebound.
5:06 of 2nd period - Ryan Nugent-Hopkins wins face-off versus Connor McDavid in Oilers zone.
5:15 of 2nd period - Wrist shot by Evgeni Dadonov.
5:15 of 2nd period - Stopped by Braden Holtby with a rebound.
5:30 of 2nd period - Icing by Brandon Montour.
5:31 of 2nd period - Nico Hischier wins face-off versus Cedric Paquette in Oilers zone.
5:38 of 2nd period - Slapshot by Nico Hischier.
5:38 of 2nd period - Shot Misses the Net.
5:40 of 2nd period - Snap shot by Brendan Smith.
5:40 of 2nd period - Stopped by Braden Holtby without a rebound.
5:41 of 2nd period - Ryan Nugent-Hopkins wins face-off versus Connor McDavid in Lightning zone.
5:54 of 2nd period - Snap shot by Jon Marchessault.
5:54 of 2nd period - Stopped by Thomas Greiss with a rebound.
6:38 of 2nd period - Off-side.
6:39 of 2nd period - Cedric Paquette wins face-off versus Tomas Nosek in neutral zone.
6:55 of 2nd period - Slapshot by Cedric Paquette.
6:55 of 2nd period - Stopped by Thomas Greiss without a rebound.
6:56 of 2nd period - Ryan Nugent-Hopkins wins face-off versus Kyle Okposo in Oilers zone.
6:57 of 2nd period - Snap shot by Tyler Seguin.
6:57 of 2nd period - Stopped by Thomas Greiss with a rebound.
7:01 of 2nd period - Wrist shot by Ryan Nugent-Hopkins.
7:01 of 2nd period - Shot Blocked by Brendan Smith.
7:42 of 2nd period - Wrist shot by Brandon Montour.
7:42 of 2nd period - Deflect By Andrej Sekera.
7:42 of 2nd period - Stopped by Braden Holtby without a rebound.
7:43 of 2nd period - Cedric Paquette wins face-off versus Sam Gagner in Lightning zone.
7:49 of 2nd period - Off-side.
7:50 of 2nd period - Connor McDavid wins face-off versus Ryan Nugent-Hopkins in neutral zone.
7:59 of 2nd period - Snap shot by Evgeni Dadonov.
7:59 of 2nd period - Stopped by Braden Holtby with a rebound.
8:47 of 2nd period - Snap shot by Tyler Motte.
8:47 of 2nd period - Stopped by Braden Holtby without a rebound.
8:48 of 2nd period - Ryan Nugent-Hopkins wins face-off versus Connor McDavid in Lightning zone.
9:13 of 2nd period - Brenden Dillon is hit by Nick Foligno and loses puck.
9:22 of 2nd period - Snap shot by Nico Hischier.
9:22 of 2nd period - Stopped by Braden Holtby with a rebound.
9:39 of 2nd period - Radko Gudas is hit by Nathan Gerbe and loses puck.
9:54 of 2nd period - Nathan Gerbe is hit by Tyler Seguin and loses puck.
10:04 of 2nd period - Jon Marchessault is hit by Jordan Nolan and loses puck.
10:09 of 2nd period - Snap shot by Tomas Nosek.
10:09 of 2nd period - Stopped by Braden Holtby without a rebound.
10:10 of 2nd period - Connor McDavid wins face-off versus Mikko Koivu in Lightning zone.
11:20 of 2nd period - Slapshot by Mikko Koivu.
11:20 of 2nd period - Shot Blocked by Brenden Dillon.
11:32 of 2nd period - Slapshot by Ryan Nugent-Hopkins.
11:32 of 2nd period - Stopped by Thomas Greiss with a rebound.
11:34 of 2nd period - Snap shot by Ryan Nugent-Hopkins.
11:34 of 2nd period - Stopped by Thomas Greiss without a rebound.
11:35 of 2nd period - Nico Hischier wins face-off versus Ryan Nugent-Hopkins in Oilers zone.
11:46 of 2nd period - Wrist shot by Bobby Ryan.
11:46 of 2nd period - Deflect By Radko Gudas.
11:46 of 2nd period - Stopped by Braden Holtby with a rebound.
11:52 of 2nd period - Snap shot by Jon Marchessault.
11:52 of 2nd period - Goal by Jon Marchessault - Oilers : 2 - Lightning : 3.
11:53 of 2nd period - Mikko Koivu wins face-off versus Connor McDavid in neutral zone.
12:18 of 2nd period - Nick Foligno is hit by Tomas Nosek.
12:30 of 2nd period - Slapshot by Brandon Montour.
12:30 of 2nd period - Stopped by Braden Holtby without a rebound.
12:31 of 2nd period - Ryan Nugent-Hopkins wins face-off versus Nico Hischier in Lightning zone.
13:15 of 2nd period - Minor Penalty to Dennis Gilbert for Holding.
13:16 of 2nd period - Tyler Seguin wins face-off versus Sam Gagner in Oilers zone.
13:26 of 2nd period - Mikko Koivu is hit by Tyler Motte.
13:40 of 2nd period - Christian Djoos is hit by Nicolas Deslauriers and loses puck.
13:55 of 2nd period - Tyler Motte is hit by Radko Gudas and loses puck.
14:16 of 2nd period - Slapshot by Nick Foligno.
14:16 of 2nd period - Shot Misses the Net.
14:18 of 2nd period - Snap shot by Andrew Cogliano.
14:18 of 2nd period - Shot Misses the Net.
14:30 of 2nd period - Brandon Montour is hit by Radko Gudas and loses puck.
14:57 of 2nd period - Andrew Cogliano is hit by Adam Erne and loses puck.
15:15 of 2nd period - Penalty to Dennis Gilbert is over, Dennis Gilbert is back on ice.
15:35 of 2nd period - T.J. Brodie is hit by Evgeni Dadonov.
17:07 of 2nd period - Radko Gudas is hit by Dennis Gilbert and loses puck.
18:02 of 2nd period - Mikko Koivu is hit by Nathan Gerbe and loses puck.
19:10 of 2nd period - Wrist shot by Adam Erne.
19:10 of 2nd period - Shot Blocked by Johnny Boychuk.
19:12 of 2nd period - Slapshot by Kevin Shattenkirk.
19:12 of 2nd period - Stopped by Braden Holtby with a rebound.
19:14 of 2nd period - Snap shot by Adam Erne.
19:14 of 2nd period - Shot Hit the Post.
19:30 of 2nd period - Slapshot by Kevin Shattenkirk.
19:30 of 2nd period - Stopped by Braden Holtby with a rebound.
19:36 of 2nd period - Wrist shot by Tomas Nosek.
19:36 of 2nd period - Deflect By Andrej Sekera.
19:36 of 2nd period - Shot Misses the Net.
19:36 of 2nd period - Puck is out of play.
19:37 of 2nd period - Mikko Koivu wins face-off versus Tomas Nosek in Lightning zone.
Goals for this period are 1 for Oilers vs 2 for Lightning.
Shots for this period are 15 for Oilers vs 11 for Lightning.

3rd period


0:01 of 3rd period - Connor McDavid wins face-off versus Ryan Nugent-Hopkins in neutral zone.
0:10 of 3rd period - Wrist shot by Ryan Nugent-Hopkins.
0:10 of 3rd period - Stopped by Thomas Greiss with a rebound.
0:12 of 3rd period - Snap shot by Tyler Seguin.
0:12 of 3rd period - Shot Misses the Net.
0:14 of 3rd period - Slapshot by T.J. Brodie.
0:14 of 3rd period - Deflect By Ryan Nugent-Hopkins.
0:14 of 3rd period - Shot Misses the Net.
0:14 of 3rd period - Puck is out of play.
0:15 of 3rd period - Nico Hischier wins face-off versus Mikko Koivu in Oilers zone.
0:24 of 3rd period - Snap shot by Bobby Ryan.
0:24 of 3rd period - Stopped by Braden Holtby with a rebound.
1:05 of 3rd period - Snap shot by Sam Gagner.
1:05 of 3rd period - Shot Hit the Post.
1:07 of 3rd period - Wrist shot by Brandon Montour.
1:07 of 3rd period - Stopped by Braden Holtby with a rebound.
1:09 of 3rd period - Slapshot by Tyler Motte.
1:09 of 3rd period - Stopped by Braden Holtby with a rebound.
1:34 of 3rd period - Slapshot by Kevin Shattenkirk.
1:34 of 3rd period - Shot Blocked by Mikko Koivu.
1:36 of 3rd period - Slapshot by Kevin Shattenkirk.
1:36 of 3rd period - Shot Misses the Net.
1:38 of 3rd period - Snap shot by Tomas Nosek.
1:38 of 3rd period - Stopped by Braden Holtby with a rebound.
1:57 of 3rd period - Snap shot by Mikko Koivu.
1:57 of 3rd period - Shot Misses the Net.
2:09 of 3rd period - Wrist shot by Nick Foligno.
2:09 of 3rd period - Shot Blocked by Connor McDavid.
2:11 of 3rd period - Wrist shot by Mikko Koivu.
2:11 of 3rd period - Shot Blocked by Brenden Dillon.
2:19 of 3rd period - Wrist shot by Jakob Silfverberg.
2:19 of 3rd period - Stopped by Thomas Greiss with a rebound.
2:21 of 3rd period - Snap shot by Nick Foligno.
2:21 of 3rd period - Stopped by Thomas Greiss with a rebound.
2:23 of 3rd period - Slapshot by Riley Stillman.
2:23 of 3rd period - Shot Hit the Post.
2:25 of 3rd period - Snap shot by Riley Stillman.
2:25 of 3rd period - Deflect By Connor McDavid.
2:25 of 3rd period - Stopped by Thomas Greiss with a rebound.
2:27 of 3rd period - Slapshot by Riley Stillman.
2:27 of 3rd period - Stopped by Thomas Greiss without a rebound.
2:28 of 3rd period - Ryan Nugent-Hopkins wins face-off versus Nico Hischier in Oilers zone.
2:38 of 3rd period - Icing by Radko Gudas.
2:39 of 3rd period - Ryan Nugent-Hopkins wins face-off versus Sonny Milano in Lightning zone.
3:25 of 3rd period - Off-side.
3:26 of 3rd period - Tomas Nosek wins face-off versus Mikko Koivu in neutral zone.
3:35 of 3rd period - Snap shot by Tomas Nosek.
3:35 of 3rd period - Deflect By Nathan Gerbe.
3:35 of 3rd period - Shot Misses the Net.
3:35 of 3rd period - Puck is out of play.
3:36 of 3rd period - Ryan Nugent-Hopkins wins face-off versus Nico Hischier in Lightning zone.
3:49 of 3rd period - Wrist shot by Tyler Seguin.
3:49 of 3rd period - Deflect By Jon Marchessault.
3:49 of 3rd period - Shot Misses the Net.
3:49 of 3rd period - Puck is out of play.
3:50 of 3rd period - Connor McDavid wins face-off versus Ryan Nugent-Hopkins in Oilers zone.
4:17 of 3rd period - Nick Foligno is hit by Brenden Dillon and loses puck.
4:41 of 3rd period - Kevin Shattenkirk is hit by Nicolas Deslauriers and loses puck.
5:22 of 3rd period - Snap shot by Cedric Paquette.
5:22 of 3rd period - Stopped by Thomas Greiss with a rebound.
5:50 of 3rd period - Colin Miller is hit by Kevin Shattenkirk and loses puck.
6:55 of 3rd period - Snap shot by Andrew Cogliano.
6:55 of 3rd period - Stopped by Thomas Greiss without a rebound.
6:56 of 3rd period - Evgeni Dadonov wins face-off versus Ryan Dzingel in Oilers zone.
7:00 of 3rd period - Off-side.
7:01 of 3rd period - Ryan Nugent-Hopkins wins face-off versus Connor McDavid in neutral zone.
7:13 of 3rd period - Icing by Connor McDavid.
7:14 of 3rd period - Ryan Nugent-Hopkins wins face-off versus Connor McDavid in Oilers zone.
7:15 of 3rd period - Wrist shot by Tyler Seguin.
7:15 of 3rd period - Shot Misses the Net.
7:23 of 3rd period - Snap shot by Tyler Seguin.
7:23 of 3rd period - Shot Misses the Net.
7:31 of 3rd period - Wrist shot by Jon Marchessault.
7:31 of 3rd period - Shot Blocked by Kyle Okposo.
7:45 of 3rd period - Slapshot by Connor McDavid.
7:45 of 3rd period - Shot Blocked by Jakob Silfverberg.
7:51 of 3rd period - Slapshot by Evgeni Dadonov.
7:51 of 3rd period - Stopped by Braden Holtby with a rebound.
7:59 of 3rd period - Slapshot by Connor McDavid.
7:59 of 3rd period - Shot Blocked by T.J. Brodie.
8:17 of 3rd period - Snap shot by Evgeni Dadonov.
8:17 of 3rd period - Stopped by Braden Holtby with a rebound.
8:19 of 3rd period - Wrist shot by Dennis Gilbert.
8:19 of 3rd period - Stopped by Braden Holtby without a rebound.
8:20 of 3rd period - Tyler Seguin wins face-off versus Nico Hischier in Lightning zone.
8:25 of 3rd period - Slapshot by Tyler Seguin.
8:25 of 3rd period - Shot Misses the Net.
8:35 of 3rd period - Wrist shot by Bobby Ryan.
8:35 of 3rd period - Stopped by Braden Holtby with a rebound.
9:10 of 3rd period - Snap shot by Tyler Motte.
9:10 of 3rd period - Shot Misses the Net.
9:12 of 3rd period - Slapshot by Adam Erne.
9:12 of 3rd period - Stopped by Braden Holtby with a rebound.
9:14 of 3rd period - Wrist shot by Tyler Motte.
9:14 of 3rd period - Shot Blocked by Riley Stillman.
9:16 of 3rd period - Slapshot by Adam Erne.
9:16 of 3rd period - Stopped by Braden Holtby without a rebound.
9:17 of 3rd period - Nico Hischier wins face-off versus Ryan Nugent-Hopkins in Lightning zone.
9:47 of 3rd period - Snap shot by Andrew Cogliano.
9:47 of 3rd period - Shot Blocked by Brenden Dillon.
10:24 of 3rd period - Off-side.
10:25 of 3rd period - Cedric Paquette wins face-off versus Connor McDavid in neutral zone.
11:33 of 3rd period - Slapshot by Nathan Gerbe.
11:33 of 3rd period - Stopped by Braden Holtby without a rebound.
11:34 of 3rd period - Tomas Nosek wins face-off versus Cedric Paquette in Lightning zone.
12:06 of 3rd period - Off-side.
12:07 of 3rd period - Ryan Nugent-Hopkins wins face-off versus Nico Hischier in neutral zone.
12:57 of 3rd period - Andrej Sekera is hit by Sam Gagner and loses puck.
13:35 of 3rd period - Ryan Nugent-Hopkins is hit by Sonny Milano and loses puck.
13:42 of 3rd period - Nico Hischier is hit by Radko Gudas and loses puck.
14:41 of 3rd period - Slapshot by Brenden Dillon.
14:41 of 3rd period - Shot Misses the Net.
15:35 of 3rd period - Jon Marchessault is hit by Tyler Motte and loses puck.
15:54 of 3rd period - Tyler Seguin is hit by Nico Hischier and loses puck.
16:32 of 3rd period - Icing by Jordan Nolan.
16:33 of 3rd period - Connor McDavid wins face-off versus Mikko Koivu in Oilers zone.
17:05 of 3rd period - Snap shot by Andrew Cogliano.
17:05 of 3rd period - Stopped by Thomas Greiss with a rebound.
17:07 of 3rd period - Snap shot by Radko Gudas.
17:07 of 3rd period - Deflect By Cedric Paquette.
17:07 of 3rd period - Stopped by Thomas Greiss with a rebound.
17:09 of 3rd period - Slapshot by Ryan Dzingel.
17:09 of 3rd period - Shot Misses the Net.
17:29 of 3rd period - Slapshot by Tomas Nosek.
17:29 of 3rd period - Shot Misses the Net.
18:34 of 3rd period - Andrej Sekera is hit by Adam Erne and loses puck.
19:14 of 3rd period - Oilers, Thomas Greiss is pulled from the net.
Goals for this period are 0 for Oilers vs 0 for Lightning.
Shots for this period are 11 for Oilers vs 9 for Lightning.